 Dungeon Crawl Stone Soup version 0.18-a0-1560-ge216ca8 (webtiles) character file.

28 angel3174 the Skirmisher (level 2, -3/25 HPs)
             Began as a Demonspawn Abyssal Knight on Mar 12, 2016.
             Was a Believer of Lugonu.
             Slain by Terence
             ... wielding a +0 flail
              (6 damage)
             ... on level 2 of the Dungeon.
             The game lasted 00:05:10 (814 turns).

angel3174 the Skirmisher (Demonspawn Abyssal Knight) Turns: 814, Time: 00:05:10

Health: -3/25      AC:  3    Str: 12    XL:     2   Next: 96%
Magic:  2/3        EV: 11    Int: 18    God:    Lugonu [**....]
Gold:   7          SH:  0    Dex: 12    Spells: 0 memorised, 1 level left

rFire  + . .     SeeInvis .     a - +1 spear
rCold  + . .     Gourm    .     b - +0 leather armour
rNeg   . . .     Faith    .     (no shield)
rPois  +         Spirit   .     (no helmet)
rElec  +         Dismiss  .     (no cloak)
rCorr  +         Reflect  .     (no gloves)
SustAt .         Harm     .     (no boots)
MR     .....                    (no amulet)
Stlth  +.........               (no ring)
                                (no ring)

@: brilliant, resistant, not resistant to hostile enchantments, very unstealthy
A: hooves 1
a: Depart the Abyss, Bend Space, Renounce Religion


You were on level 2 of the Dungeon.
You worshipped Lugonu.
Lugonu was pleased with you.
You were not hungry.

You visited 1 branch of the dungeon, and saw 2 of its levels.
You visited the Abyss 1 time.

You collected 7 gold pieces.

Inventory:

Hand Weapons
 a - a +1 spear (weapon)
Missiles
 g - 32 arrows
 i - 17 poisoned needles
Armour
 b - a +0 leather armour (worn)
Scrolls
 e - a scroll of remove curse {unknown}
 m - 2 scrolls of identify {unknown}
 n - a scroll of recharging {unknown}
 p - a scroll of immolation {unknown}
Potions
 f - a potion of brilliance
 j - 3 potions of curing
Comestibles
 c - a bread ration
 d - a beef jerky
 h - a fruit
 k - 2 meat rations


   Skills:
 + Level 4.0 Fighting
 + Level 1.9 Polearms
 + Level 1.8 Armour
 + Level 1.0 Dodging
 + Level 2.5 Invocations


You had one spell level left.
You didn't know any spells.

Dungeon Overview and Level Annotations

Branches:
Dungeon (2/15)

Altars:

Annotations:
D:2 Terence


Innate Abilities, Weirdness & Mutations

You have large cloven feet.


Message History

Terence hits you with a flail!
You completely miss Terence. Terence hits you with a flail.
* * * LOW HITPOINT WARNING * * *
Space bends around you!
You blink.
* * * LOW HITPOINT WARNING * * *
You feel slightly more hungry.
It was a potion of curing.
You feel better.
It was a potion of brilliance.
You feel clever all of a sudden.
It was a potion of heal wounds.
You feel much better. Terence hits you with a flail.
You closely miss Terence. Terence hits you with a flail!
You hit Terence.
Terence is lightly wounded.
Terence hits you with a flail!
* * * LOW HITPOINT WARNING * * *
It was a potion of resistance.
You feel protected. Terence hits you with a flail.
You die...

#..........#
#..........#
#.#.##..........# #.
#.#.##..[.......# #.
#...##..........# #.
#..##......$...#
#.###..##..........#
#.......(..........#
.##...#.##..)..@@...#
......'>..<....######
###...##.##.#......
...<###.....#.#####
...............
#######...###...
#.... ...# #..... ..#
#.##.#


You could see Terence.

Vanquished Creatures
  4 dart slugs (D:1)
  A giant gecko (D:1)
  A giant cockroach (D:1)
  A hobgoblin (D:2)
  6 bats
  3 goblins (D:1)
  2 kobolds (D:1)
  2 rats (D:1)
20 creatures vanquished.

Notes
Turn   | Place    | Note
--------------------------------------------------------------
     0 | Abyss:1  | angel3174 the Demonspawn Abyssal Knight began the quest for the Orb.
     0 | Abyss:1  | Reached XP level 1. HP: 18/18 MP: 2/2
    29 | D:1      | Escaped the Abyss
   203 | D:1      | Gained mutation: You have large cloven feet. [demonic ancestry]
   203 | D:1      | Reached XP level 2. HP: 24/24 MP: 3/3
   689 | D:1      | Reached skill level 1 in Dodging
   791 | D:2      | Reached ** piety under Lugonu
   795 | D:2      | Noticed Terence
   806 | D:2      | Reached skill level 4 in Fighting
   814 | D:2      | Slain by Terence

Vault maps used:
D:1:      minmay_arrival_jagged
D:2:      yredelemnul_altar_generic, interstate_on_off, uniq_terence

Skill      XL: |  1  2 |
---------------+-------+-----
Dodging        | 1 |  1.0
Fighting       | 4 |  4.0
Polearms       | |  1.9
Armour         | |  1.8
Invocations    | |  2.5

Action                   || total
-------------------------++-------
Melee: Spear             ||    83
Invok: Bend Space        ||     1
  Use: Potion            ||     4
